 Dungeon Crawl Stone Soup version 0.19.1-1-g22dce08 (webtiles) character file.

374 sveltemanboy the Conjurer (level 6, -11/32 HPs)
             Began as a Deep Elf Wizard on Jan 7, 2017.
             Mangled by Pikel
             ... wielding a +1 whip of electrocution
              (12 damage)
             ... on level 4 of the Dungeon.
             The game lasted 00:17:35 (5102 turns).

sveltemanboy the Conjurer (Deep Elf Wizard)         Turns: 5102, Time: 00:17:36

Health: -11/32     AC: 12    Str:  9    XL:     6   Next: 43%
Magic:  1/15       EV: 18    Int: 33    God:
Gold:   149        SH:  0    Dex: 18    Spells: 5 memorised, 5 levels left

rFire  + . .     SeeInvis .     x - +2 mace (protect)
rCold  . . .     Gourm    .     a - +0 robe
rNeg   . . .     Faith    .     (no shield)
rPois  .         Spirit   .     m - +1 helmet
rElec  .         Reflect  .     (no cloak)
rCorr  .         Harm     .     j - +0 pair of gloves
MR     .....                    (no boots)
Stlth  +++.......               (no amulet)
                                k - ring of protection from fire
                                g - +3 ring of intelligence

@: mighty, brilliant, agile, protection aura, repel missiles
A: no striking features
a: no special abilities


You were on level 4 of the Dungeon.
You were hungry.

You visited 1 branch of the dungeon, and saw 4 of its levels.

You collected 149 gold pieces.

Inventory:

Hand Weapons
 x - a +2 mace of protection (weapon)
Armour
 a - a +0 robe (worn)
 j - a +0 pair of gloves (worn)
 m - a +1 helmet (worn)
Jewellery
 g - a +3 ring of intelligence (left hand)
 k - a ring of protection from fire (right hand)
 y - the ring of Pyosa {+Blink rN+ MP+9 Str-4 Int+4}
   (You found it on level 4 of the Dungeon)

   [ring of magical power]

   It affects your strength (-4).
   It affects your intelligence (+4).
   It protects you from negative energy.
   It affects your magic capacity (+9).
   It lets you blink.
Scrolls
 b - a scroll of noise {unknown}
 e - 3 scrolls of recharging {unknown}
 f - 2 scrolls of remove curse {unknown}
 h - 13 scrolls of identify {unknown}
 i - 2 scrolls of teleportation {unknown}
 l - a scroll of immolation {unknown}
 s - a scroll of enchant weapon {unknown}
 t - a scroll of blinking {unknown}
Potions
 n - a potion of heal wounds {unknown}
 o - a potion of flight {unknown}
 u - a potion of curing
Books
 c - a book of Minor Magic

   Spells                             Type                      Level
   a - Magic Dart                     Conjuration                  1
   b - Blink                          Translocation                2
   c - Call Imp                       Summoning                    2
   d - Repel Missiles                 Charms/Air                   2
   e - Slow                           Hexes                        2
   f - Conjure Flame                  Conjuration/Fire             3
   g - Mephitic Cloud                 Conjuration/Poison/Air       3
Comestibles
 d - 3 bread rations
 p - a slice of pizza
 q - a beef jerky
 r - 2 meat rations


   Skills:
 - Level 2.4 Dodging
 - Level 2.4 Stealth
 - Level 5.0 Spellcasting
 * Level 5.3 Conjurations
 - Level 1.3 Hexes
 - Level 2.3 Charms
 + Level 3.1 Summonings
   Level 1.1 Translocations
 - Level 1.6 Air Magic
 + Level 0.2 Poison Magic


You had 5 spell levels left.
You knew the following spells:

 Your Spells              Type           Power        Failure   Level  Hunger
a - Magic Dart            Conj           ####         1%          1    None
b - Call Imp              Summ           #####...     1%          2    None
c - Repel Missiles        Chrm/Air       #####.       1%          2    None
d - Slow                  Hex            #####...     1%          2    None
e - Mephitic Cloud        Conj/Pois/Air  #####...     1%          3    None


Dungeon Overview and Level Annotations

Branches:
Dungeon (4/15)
 Temple: D:4-7

Altars:
Ashenzari
Uskayaw

Annotations:
D:4 Pikel


Message History

The slave hits your crimson imp.
Your crimson imp hits the slave.
Your crimson imp blinks!
Your crimson imp hits Pikel.
The slave barely misses you. Pikel completely misses you.
You hit Pikel.
Pikel is severely wounded.
The slave hits your crimson imp.
Your crimson imp dies!
Your crimson imp hits the slave but does no damage.
Your crimson imp blinks!
The slave closely misses you. Pikel hits you but does no damage.
The slave hits your crimson imp.
You closely miss Pikel.
Pikel is severely wounded.
Your crimson imp hits the slave.
The slave hits you.
* * * LOW HITPOINT WARNING * * *
Pikel hits you with a whip of electrocution!
* * * LOW HITPOINT WARNING * * *
You are electrocuted!
You die...

##.# #.........#
#.###)[.......#
#..##.........#
##.####+#######
#.5# #.# ##p#
#.# #.###.#
#p5##.# ##@##^#
#K##.# #ยง.#.#
##.#.# #.#.#
###### #...#
#^...# ##)(#
#.##.# #..#
#.##.########..#


You could see Pikel, 2 slaves and 2 friendly crimson imps.

Vanquished Creatures
  An orc warrior (D:3)
  An orc wizard (D:3)
  Robin (D:2)
  2 gnolls (D:4)
  2 oozes
  A worm (D:2)
  A dart slug (D:2)
  7 orcs (D:3)
  2 ball pythons
  8 bats
  4 giant cockroaches
  19 goblins
  4 hobgoblins
  14 jackals
  6 kobolds
  2 quokkas (D:2)
  3 frilled lizards
  11 rats
89 creatures vanquished.

Vanquished Creatures (collateral kills)
  Sigmund (D:3)
  A gnoll (D:4)
  A worm (D:4)
  An orc (D:3)
  3 goblins (D:2)
  A hobgoblin (D:1)
  A rat (D:2)
9 creatures vanquished.

Grand Total: 98 creatures vanquished

Notes
Turn   | Place    | Note
-------+----------+-------------------------------------------
     0 | D:1      | sveltemanboy the Deep Elf Wizard began the quest for the Orb.
     0 | D:1      | Reached XP level 1. HP: 10/10 MP: 7/7
   406 | D:1      | Reached XP level 2. HP: 15/15 MP: 6/9
   411 | D:1      | Learned a level 2 spell: Call Imp
   414 | D:1      | Learned a level 2 spell: Repel Missiles
   417 | D:1      | Learned a level 2 spell: Slow
   903 | D:1      | Reached skill level 5 in Spellcasting
  1008 | D:1      | Reached XP level 3. HP: 19/19 MP: 6/11
  1390 | D:2      | Learned a level 3 spell: Mephitic Cloud
  1802 | D:2      | Reached skill level 1 in Charms
  2005 | D:2      | Noticed Robin
  2234 | D:2      | Killed Robin
  2234 | D:2      | Reached XP level 4. HP: 22/24 MP: 1/13
  3407 | D:3      | Noticed a dagger
  3408 | D:3      | Noticed a hand axe
  3409 | D:3      | Found a hide-covered altar of Uskayaw.
  3693 | D:3      | Reached XP level 5. HP: 28/28 MP: 11/14
  3717 | D:3      | Noticed Sigmund
  3765 | D:3      | Killed Sigmund
  3765 | D:3      | Reached skill level 1 in Air Magic
  3765 | D:3      | Reached XP level 6. HP: 32/32 MP: 1/15
  3913 | D:3      | Noticed an orc warrior
  4177 | D:3      | Killed an orc warrior
  4177 | D:3      | Reached skill level 5 in Conjurations
  4177 | D:3      | Reached skill level 1 in Hexes
  4306 | D:3      | Found a shattered altar of Ashenzari.
  4764 | D:4      | Noticed a slave
  4847 | D:4      | Got a heavily runed jade ring
  4865 | D:4      | Lost strength.
  4865 | D:4      | Identified the ring of Pyosa {+Blink rN+ MP+9 Str-4 Int+4} (You found it on level 4 of the Dungeon)
  5069 | D:4      | Noticed Pikel
  5072 | D:4      | Noticed a slave
  5083 | D:4      | Noticed a slave
  5102 | D:4      | HP: 1/32 [Pikel/whip of electrocution (7)]
  5102 | D:4      | Mangled by Pikel

Skill      XL: |  1  2  3  4  5  6 |
---------------+-------------------+-----
Conjurations   | 2 3 4 5 |  5.3
Spellcasting   | 5 |  5.0
Charms         | 1 2 |  2.3
Summonings     | 2 3 |  3.1
Air Magic      | 1 |  1.6
Hexes          | 1 |  1.3
Dodging        | |  2.4
Stealth        | |  2.4
Translocations | |  1.1
Poison Magic   | |  0.2

Action                   |  1- 3 |  4- 6 || total
-------------------------+-------+-------++-------
Melee: Unarmed           |    15 |     9 ||    24
       Mace              |       |     7 ||     7
 Cast: Magic Dart        |   101 |    91 ||   192
       Call Imp          |     4 |    16 ||    20
       Repel Missiles    |     2 |       ||     2
       Mephitic Cloud    |     4 |    13 ||    17
       Slow              |       |     6 ||     6
  Use: Potion            |       |     4 ||     4
 Stab: Sleeping          |       |     1 ||     1
  Eat: Chunk             |     4 |     8 ||    12
Armor: Robe              |     7 |    11 ||    18
Dodge: Dodged            |    31 |    40 ||    71
       Deflected         |     3 |     1 ||     4
